 Dungeon Crawl Stone Soup version 0.30-a0-223-gcb0039aa0c (webtiles) character file.

Game seed: 13499864927947902413

128 qw the Chopper (level 5, -5/32 HPs)
             Began as a Gargoyle Fighter on Oct 9, 2022.
             Slain by an orc warrior
             ... wielding a +0 long sword
              (7 damage)
             ... on level 3 of the Dungeon.
             The game lasted 00:01:00 (2610 turns).

qw the Chopper (Gargoyle Fighter)                   Turns: 2610, Time: 00:01:00

Health: -5/32      AC: 10    Str: 21 (22) XL:     5   Next: 11%
Magic:  5/5        EV:  9    Int:  5 (8)  God:
Gold:   93         SH:  4    Dex:  7 (9)  Spells: 4/4 levels left

rFire   . . .      SeeInvis .    Y - +0 war axe
rCold   . . .      Faith    .    c - +0 buckler
rNeg    + . .      Spirit   .    b - +0 scale mail
rPois   inf        Reflect  .    (no helmet)
rElec   +          Harm     .    (no cloak)
rCorr   .          Rampage  .    (no gloves)
Will    .....                    (no boots)
Stlth   ..........               (no amulet)
HPRegen 0.25/turn                (no ring)
MPRegen 0.09/turn                (no ring)

@: no status effects
A: sickness immunity, AC +4, negative energy resistance 1, electricity
resistance, torment resistance 1, petrification resistance
a: no special abilities


You were on level 3 of the Dungeon.
You visited 1 branch of the dungeon, and saw 3 of its levels.

You collected 93 gold pieces.


Innate Abilities, Weirdness & Mutations

You are immune to sickness and miasma.
Your stone body is resilient. (AC +4)
You are immune to poison.
You resist negative energy. (rN+)
You are resistant to electric shocks. (rElec)
You are resistant to unholy torment.
You are immune to petrification.


   Skills:
 - Level 3.2 Fighting
 + Level 4.7 Axes
 - Level 3.2 Armour
 - Level 3.2 Shields


You had 4 spell levels left.
You didn't know any spells.
Your spell library was empty.

Inventory:

Hand Weapons
 i - a +0 whip
 Y - a +0 war axe (weapon)
Armour
 b - a +0 scale mail (worn)
 c - a +0 buckler (worn)
Jewellery
 q - a ring of resist corrosion
Scrolls
 l - a scroll of identify
 o - a scroll of enchant armour {unknown}
 r - a scroll of butterflies {unknown}
 s - a scroll of noise {unknown}
Potions
 a - a potion of haste {unknown}
 d - a potion of might
 e - a potion of lignification
 f - 2 potions of mutation {unknown}
 g - a potion of flight {unknown}
 h - a potion of cancellation {unknown}
 j - a potion of brilliance {unknown}
 k - a potion of magic {unknown}
 m - a potion of attraction {unknown}
 n - a potion of curing {unknown}
 p - a potion of invisibility {unknown}

Dungeon Overview and Level Annotations

Branches:
Dungeon (3/15)

Altars:


Message History

You closely miss the orc warrior. You block the orc warrior's attack.
You slash the orc warrior!
The orc warrior is moderately wounded.
The orc warrior hits you but does no damage.
The orc warrior hits you with a +0 long sword.
You barely miss the orc warrior.
The orc warrior is moderately wounded.
The orc warrior completely misses you.
You hit the orc warrior.
The orc warrior is moderately wounded.
You block the orc warrior's attack.
You hit the orc warrior but do no damage.
The orc warrior is moderately wounded.
The orc warrior barely misses you.
The orc warrior hits you with a +0 long sword.
You hit the orc warrior but do no damage.
The orc warrior is moderately wounded.
The orc warrior hits you with a +0 long sword!
You closely miss the orc warrior.
The orc warrior is moderately wounded.
The orc warrior hits you but does no damage.
You closely miss the orc warrior.
The orc warrior is moderately wounded.
The orc warrior closely misses you.
The orc warrior hits you with a +0 long sword!
You hit the orc warrior.
The orc warrior is heavily wounded.
The orc warrior hits you with a +0 long sword.
You barely miss the orc warrior.
The orc warrior is heavily wounded.
The orc warrior barely misses you.
You hit the orc warrior but do no damage.
The orc warrior is heavily wounded.
The orc warrior closely misses you.
You barely miss the orc warrior.
The orc warrior is heavily wounded.
The orc warrior hits you with a +0 long sword.
The orc warrior hits you with a +0 long sword!
You die...

#### ..# #.## #@.#
##### ##o## ##'..#
#.r.#.77777777.##.#
###o#7........7##.#
#o 7.7....7.7 #.#
#o 7........7 #.#
#. 7...##...7##.##
#. 7...##...7#....
#. 7........7#####


You could see an orc warrior.

Vanquished Creatures
  A hound (D:2)
  An orc priest (D:3)
  2 dart slugs (D:1)
  4 orcs (D:3)
  3 endoplasms
  4 giant cockroaches
  7 goblins
  6 hobgoblins
  2 jackals (D:2)
  5 kobolds
  A quokka (D:1)
  3 ball pythons (D:2)
  5 bats
  8 frilled lizards
  4 rats
56 creatures vanquished.

Notes
Turn   | Place    | Note
-------+----------+-------------------------------------------
     0 | D:1      | qw the Gargoyle Fighter began the quest for the Orb.
     0 | D:1      | Reached XP level 1. HP: 14/14 MP: 1/1
     0 | D:1      | 0 ||| qw: Version: 0.2-a-17-g06abaee
     0 | D:1      | 0 ||| qw: Game counter: 2063
     0 | D:1      | 0 ||| qw: Always use a shield: true
     0 | D:1      | 0 ||| qw: God list: Okawaru
     0 | D:1      | 0 ||| qw: Allow faded altars: false
     0 | D:1      | 0 ||| qw: Do Orc after D:15 true
     0 | D:1      | 0 ||| qw: Do second Lair branch before Depths: true
     0 | D:1      | 0 ||| qw: Lair rune preference: random
     0 | D:1      | 0 ||| qw: Plans: Normal, Zot:1-4, God:TSO, Crypt, Tomb,
                  | Pan, Slime:5, Hells, Abyss, Orb
     0 | D:1      | 0 ||| PLANNING D:1-11
    50 | D:1      | 50 ||| Stepping ~*~*~tactically~*~*~ (hiding).
    59 | D:1      | Reached skill level 2 in Axes
   192 | D:1      | 192 ||| Stepping ~*~*~tactically~*~*~ (stealth).
   193 | D:1      | 193 ||| Stepping ~*~*~tactically~*~*~ (stealth).
   196 | D:1      | 196 ||| Stepping ~*~*~tactically~*~*~ (stealth).
   197 | D:1      | 197 ||| Stepping ~*~*~tactically~*~*~ (stealth).
   209 | D:1      | Reached XP level 2. HP: 19/19 MP: 2/2
   404 | D:1      | 404 ||| DROPPING +0 club.
   620 | D:1      | 620 ||| Stepping ~*~*~tactically~*~*~ (stealth).
   684 | D:1      | 684 ||| Stepping ~*~*~tactically~*~*~ (hiding).
   697 | D:1      | Reached skill level 3 in Axes
   780 | D:1      | Reached XP level 3. HP: 23/23 MP: 3/3
  1052 | D:1      | 1052 ||| READING scroll labelled ATOKOI URCHEWN.
  1053 | D:1      | 1053 ||| READING scroll labelled SOCHIP CUPPA.
  1054 | D:1      | 1054 ||| READING scroll labelled HYSSOSO COSHRUM.
  1104 | D:2      | 1104 ||| STAIRDANCE
  1189 | D:2      | Reached XP level 4. HP: 28/28 MP: 4/4
  1223 | D:2      | 1223 ||| Stepping ~*~*~tactically~*~*~ (stealth).
  1308 | D:2      | Reached skill level 4 in Axes
  1379 | D:2      | 1379 ||| Stepping ~*~*~tactically~*~*~ (stealth).
  1380 | D:2      | 1380 ||| Stepping ~*~*~tactically~*~*~ (stealth).
  1397 | D:2      | 1397 ||| Stepping ~*~*~tactically~*~*~ (stealth).
  1490 | D:2      | Found a faded altar of an unknown god.
  1687 | D:2      | 1687 ||| DRINKING 2 murky yellow potions.
  1688 | D:2      | 1688 ||| DRINKING 2 fuming blue potions.
  1708 | D:2      | 1708 ||| DROPPING potion of degeneration.
  1806 | D:3      | 1806 ||| Stepping ~*~*~tactically~*~*~ (water).
  1932 | D:3      | Identified the +9 dagger of Fiodd {vorpal, rN+}
  1960 | D:3      | 1960 ||| Stepping ~*~*~tactically~*~*~ (stealth).
  1970 | D:3      | 1970 ||| Stepping ~*~*~tactically~*~*~ (stealth).
  1971 | D:3      | 1971 ||| Stepping ~*~*~tactically~*~*~ (stealth).
  1972 | D:3      | 1972 ||| Stepping ~*~*~tactically~*~*~ (stealth).
  2277 | D:3      | Reached XP level 5. HP: 20/32 MP: 5/5
  2590 | D:3      | Noticed an orc warrior
  2591 | D:3      | 2591 ||| Stepping ~*~*~tactically~*~*~ (hiding).
  2607 | D:3      | HP: 4/32 [orc warrior/+0 long sword (6)]
  2610 | D:3      | Slain by an orc warrior

Levels and vault maps discovered:
D:1:      dpeg_arrival_boxes_within_box, layout_basic
D:2:      layout_rooms, shapermc_ecumenical_altar_flowoftime
D:3:      layout_loops_ring, chequers_serial_rivers_large_b,
          kennysheep_pointless_box, serial_bayou_ford_a,
          amcnicky_mini_rare_corridor_liquid, chequers_serial_rivers_micro_d

Skill      XL: |  1  2  3  4 |
---------------+-------------+-----
Axes           | 2 3 4 |  4.7
Fighting       | |  3.2
Armour         | |  3.2
Shields        | |  3.2

Action                   |  1- 3 |  4- 6 || total
-------------------------+-------+-------++-------
Melee: War axe           |    73 |   101 ||   174
  Use: Scroll            |     3 |       ||     3
       Potion            |       |     2 ||     2
Armor: Scale mail        |    30 |    36 ||    66
Dodge: Dodged            |    36 |    44 ||    80
Block: Buckler           |    12 |    15 ||    27

Table legend:
 A = Non-vault XP
 B = Vault XP
 C = Vault XP percentage of total XP
 D = Non-vault monster count
 E = Vault monster count
 F = Vault count percentage of total count
                 A         B        C        D         E       F
            +---------+---------+-------+---------+---------+-------
      Total |     183 |       0 |   0.0 |      56 |       0 |   0.0
            +---------+---------+-------+---------+---------+-------
        D:1 |      41 |       0 |   0.0 |      22 |       0 |   0.0
        D:2 |      70 |       0 |   0.0 |      18 |       0 |   0.0
        D:3 |      72 |       0 |   0.0 |      16 |       0 |   0.0
            +---------+---------+-------+---------+---------+-------
